 Dungeon Crawl Stone Soup version 0.19.4-9-g45fd643 (webtiles) character file.

121 Gorglomux the Ruffian (level 4, -6/44 HPs)
             Began as a Troll Monk on Feb 19, 2017.
             Mangled by Sigmund
             ... wielding a +4 scythe of protection
              (11 damage)
             ... on level 2 of the Dungeon.
             The game lasted 00:01:23 (960 turns).

Gorglomux the Ruffian (Troll Monk)                   Turns: 960, Time: 00:01:24

Health: -6/44      AC:  5    Str: 20    XL:     4   Next: 77%
Magic:  3/3        EV: 10    Int:  6    God:
Gold:   83         SH:  0    Dex: 12    Spells: 0 memorised, 3 levels left

rFire  . . .     SeeInvis .       - Unarmed
rCold  . . .     Gourm    +     a - +0 robe
rNeg   . . .     Faith    .     (no shield)
rPois  .         Spirit   .     (helmet restricted)
rElec  .         Reflect  .     (no cloak)
rCorr  .         Harm     .     (gloves unavailable)
MR     .....                    (boots unavailable)
Stlth  ++........               (no amulet)
                                (no ring)
                                (no ring)

@: no status effects
A: unfitting armour, claws 3, fast metabolism 3, gourmand, regeneration 1,
shaggy fur 1, tough skin 2
a: no special abilities


You were on level 2 of the Dungeon.
You were full.

You visited 1 branch of the dungeon, and saw 2 of its levels.

You collected 83 gold pieces.

Inventory:

Missiles
 d - 171 stones
 m - 5 javelins (quivered)
Armour
 a - a +0 robe (worn)
Jewellery
 k - an uncursed ring of flight {unknown}
Scrolls
 e - 2 scrolls of magic mapping {unknown}
 h - 3 scrolls of identify {unknown}
 i - a scroll of teleportation {unknown}
Potions
 g - a potion of haste {unknown}
 j - a potion of mutation {unknown}
 l - a potion of heal wounds {unknown}
Comestibles
 b - 3 bread rations
 f - a beef jerky


   Skills:
 - Level 2.4 Fighting
 - Level 2.4 Dodging
 - Level 1.0 Stealth
 + Level 5.5 Unarmed Combat


You had 3 spell levels left.
You didn't know any spells.

Dungeon Overview and Level Annotations

Branches:
Dungeon (2/15)

Altars:

Annotations:
D:2 Sigmund


Innate Abilities, Weirdness & Mutations

You are too large for most types of armour.
You have claws for hands.
Your metabolism is lightning-fast.
You like to eat raw meat.
Your natural rate of healing is unusually fast.
You are covered in fur. (AC +1)
You have very tough skin. (AC +2)


Message History

You kill Natasha!
Natasha yowls pathetically as she dies!
The iron imp disappears in a puff of smoke!
Something hits you! Something hits you.
Things that are here:
the felid corpse of Natasha; a bat corpse You closely miss something.
You scratch something. Something hits you!
You claw something! You claw something! Something hits you but does no damage.
You scratch something.
You hear some strange, mumbled words.
A puff of flame appears from out of thin air!
The puff of flame hits you!
You barely miss something. You scratch something but do no damage.
Something hits you!
* * * LOW HITPOINT WARNING * * *
You scratch something but do no damage. Something hits you!
You die...

#.# #)# #.# #.#
####.#
#############....#
.................#
#############....#
####....##@######
...........{#.....
.####..............
#...............
#.......(.......
#...............
#...............
.....(...........
##...............


There were no monsters in sight!

Vanquished Creatures
  Jessica (D:2)
  Natasha (twice) (D:2)
  An adder (D:2)
  2 worms
  A leopard gecko (D:1)
  5 bats
  3 giant cockroaches (D:1)
  6 goblins
  A hobgoblin (D:2)
  5 kobolds
  A frilled lizard (D:1)
28 creatures vanquished.

Notes
Turn   | Place    | Note
-------+----------+-------------------------------------------
     0 | D:1      | Gorglomux the Troll Monk began the quest for the Orb.
     0 | D:1      | Reached XP level 1. HP: 22/22 MP: 0/0
    91 | D:1      | Reached XP level 2. HP: 29/29 MP: 1/1
   380 | D:1      | Reached skill level 4 in Unarmed Combat
   785 | D:2      | Noticed Natasha
   788 | D:2      | Killed Natasha
   788 | D:2      | Reached XP level 3. HP: 36/36 MP: 2/2
   825 | D:2      | Noticed Jessica
   840 | D:2      | Reached XP level 4. HP: 35/44 MP: 3/3
   845 | D:2      | Killed Jessica
   845 | D:2      | Reached skill level 5 in Unarmed Combat
   936 | D:2      | Noticed Natasha
   936 | D:2      | Noticed Sigmund
   951 | D:2      | Killed Natasha
   960 | D:2      | Mangled by Sigmund

Skill      XL: |  1  2  3  4 |
---------------+-------------+-----
Unarmed Combat | 4 5 |  5.5
Fighting       | |  2.4
Dodging        | |  2.4
Stealth        | |  1.0

Action                   |  1- 3 |  4- 6 || total
-------------------------+-------+-------++-------
Melee: Unarmed           |    55 |    18 ||    73
Throw: Stone             |     5 |       ||     5
       Javelin           |       |     1 ||     1
 Stab: Sleeping          |     1 |       ||     1
       Distracted        |     1 |       ||     1
  Eat: Chunk             |     7 |     3 ||    10
Armor: Robe              |    26 |     5 ||    31
Dodge: Dodged            |    36 |     9 ||    45
